 Dungeon Crawl Stone Soup version 0.27.1-1-g398f81649c (webtiles) character file.

Game seed: 17901036761582016599

881 Thatpatchoflichen the Skirmisher (level 8, -1/71 HPs)
             Began as a Hill Orc Monk on Sept 6, 2021.
             Succumbed to Duvessa's poison
             ... on level 5 of the Dungeon.
             The game lasted 00:14:48 (6414 turns).

Thatpatchoflichen the Skirmisher (Hill Orc Monk)    Turns: 6414, Time: 00:14:51

Health: -1/71      AC: 12    Str: 15    XL:     8   Next: 5%
Magic:  17/17      EV: 12    Int: 10    God:
Gold:   190        SH: 12    Dex: 14    Spells: 7/7 levels left

rFire    . . .     SeeInvis .   w - +2 flail (vorpal)
rCold    . . .     Faith    .   d - +2 kite shield
rNeg     . . .     Spirit   .   H - +1 scale mail "Simef" {Regen+ Stlth+}
rPois    .         Reflect  .   J - +2 helmet
rElec    .         Harm     .   (no cloak)
rCorr    .         Rampage  .   m - +0 pair of gloves
Will     .....                  (no boots)
Stlth    +.........             F - amulet of regeneration
HPRegen  2.21/turn              q - +4 ring of evasion
MPRegen  0.15/turn              b - ring of magical power

@: lethally poisoned (-1 -> -6), studying Translocations
A: no striking features
a: no special abilities


You were on level 5 of the Dungeon.
You visited 1 branch of the dungeon, and saw 6 of its levels.

You collected 190 gold pieces.

Inventory:

Hand Weapons
 a - a +0 hand axe
 w - a +2 vorpal flail (weapon)
 B - a +1 whip of electrocution
Missiles
 f - 101 arrows
 h - 4 atropa-tipped darts (quivered)
 j - 148 stones
 o - 13 boomerangs
 x - 16 bolts
 I - 25 sling bullets
Armour
 d - a +2 kite shield (worn)
 m - a +0 pair of gloves (worn)
 H - the +1 scale mail "Simef" (worn) {Regen+ Stlth+}
   (You found it on level 5 of the Dungeon)

   Regen:     It increases your rate of health regeneration.
   Stlth:     It makes you more stealthy.
 J - a +2 helmet (worn)
Jewellery
 b - a ring of magical power (right hand)
 q - a +4 ring of evasion (left hand)
 F - an amulet of regeneration (around neck)
Scrolls
 c - a scroll of brand weapon {unknown}
 g - 2 scrolls of teleportation {unknown}
 r - a scroll of noise {unknown}
 s - 5 scrolls of identify {unknown}
 t - 2 scrolls of summoning {unknown}
 u - a scroll of fog {unknown}
 v - a scroll of magic mapping {unknown}
 y - a scroll of torment {unknown}
 D - 3 scrolls of vulnerability {unknown}
Potions
 e - 4 potions of flight {unknown}
 i - 5 potions of attraction {unknown}
 k - a potion of ambrosia {unknown}
 l - 3 potions of brilliance {unknown}
 n - 4 potions of curing {unknown}
 p - a potion of invisibility {unknown}
 A - 2 potions of magic {unknown}
 C - a potion of degeneration {unknown}
 E - a potion of haste {unknown}
 G - a potion of mutation {unknown}


   Skills:
 + Level 6.4 Fighting
 - Level 4.0 Axes
 + Level 4.5 Armour
 - Level 3.0 Dodging
 - Level 1.5 Stealth
 + Level 6.3 Shields


You had 7 spell levels left.
You didn't know any spells.
Your spell library contained the following spells:

 Spells                   Type           Power      Damage    Failure   Level
 Animate Skeleton         Necr           0%         N/A       99%         1
 Pain                     Necr           0%         1d4       99%         1
 Sandblast                Erth           0%         2d4       99%         1
 Passwall                 Tmut/Erth      0%         N/A       100%        2
 Gell's Gravitas          Tloc           0%         N/A       100%        3
 Teleport Other           Tloc           0%         N/A       100%        3
 Vampiric Draining        Necr           0%         2d6       100%        3
 Lee's Rapid Deconstruct  Erth           0%         3d5*      100%        5
 Dispersal                Tloc           0%         N/A       100%        6


Dungeon Overview and Level Annotations

Branches:
Dungeon (6/15)             Temple (0/1) D:6

Altars:
Ashenzari
Nemelex Xobeh
Qazlal
Trog

Annotations:
D:6 Dowan, Duvessa


Message History

Duvessa hits you but does no damage.
You are more poisoned.
You sock Duvessa!
Duvessa is heavily wounded.
You feel extremely sick.
Duvessa hits you with a +2 short sword of venom.
You sock Duvessa!
Duvessa is almost dead.
You feel very sick.
Duvessa hits you with a +2 short sword of venom!
You are more poisoned.
Dowan says, "Magic and the sword, together, will defeat you."
Duvessa hits you but does no damage.
You are more poisoned.
You hit Duvessa but do no damage.
Duvessa is almost dead.
You feel extremely sick.
Duvessa hits you with a +2 short sword of venom.
You are more poisoned.
You hit Duvessa.
Duvessa is almost dead.
You feel extremely sick.
Duvessa hits you with a +2 short sword of venom!
* * * LOW HITPOINT WARNING * * *
You are more poisoned.
Duvessa says, "Where magic fails, the sword succeeds!"
Duvessa hits you but does no damage.
You are lethally poisoned!
* * * LOW HITPOINT WARNING * * *
You feel extremely sick.
* * * LOW HITPOINT WARNING * * *
You feel extremely sick.
There is a stone staircase leading up here.
* * * LOW HITPOINT WARNING * * *
You feel very sick.
The ufetubus shouts!
You block Duvessa's attack.
You climb upwards.
You are no longer glowing.
You die...

.####...............##.##........
.#####)#######.#######.#.....###.
.......# #.# #........##.
.#####.# ##.## #........##. .#
#.# #...# ##.......### .# #.#
#...# ####.......# .# #.# #...#
#..........##
.#####.######...#####.####.#...#.
.......##.......@...#.# #.##.##.
......................# #.##....
....#####...........### #.#####.
.##.# #####...##### #.# #. ....#
##.#.## ##.# ## ##### #.###.#
#..# # #.[#..# #.####### #
#######.#.#.## #.# #.... #
#............#######.###.###


There were no monsters in sight!

Vanquished Creatures
  An ice beast (D:5)
  A hornet zombie (D:6)
  3 ogres
  A scorpion (D:5)
  2 hounds
  A jelly (D:5)
  2 bullfrog skeletons (D:5)
  A gnoll shaman (D:5)
  An iguana (D:4)
  A killer bee zombie (D:5)
  A hound zombie (D:4)
  A gnoll (D:5)
  3 adders
  An ufetubus (D:5)
  An adder skeleton (D:4)
  6 dart slugs
  10 orcs
  4 bats
  3 endoplasms
  5 giant cockroaches
  4 goblins
  5 hobgoblins
  7 jackals
  A quokka (D:1)
  9 ball pythons
  3 frilled lizards (D:1)
  5 kobolds
  4 rats
87 creatures vanquished.

Vanquished Creatures (others)
  A plant (D:1)
1 creature vanquished.

Grand Total: 88 creatures vanquished

Notes
Turn   | Place    | Note
-------+----------+-------------------------------------------
     0 | D:1      | Thatpatchoflichen the Hill Orc Monk began the quest for the
                  | Orb.
     0 | D:1      | Reached XP level 1. HP: 19/19 MP: 1/1
   294 | D:1      | Reached XP level 2. HP: 22/27 MP: 2/2
   579 | D:1      | Reached skill level 1 in Armour
   972 | D:1      | Reached skill level 1 in Shields
  1037 | D:1      | Reached XP level 3. HP: 19/33 MP: 3/3
  2216 | D:2      | Found a faded altar of an unknown god.
  2382 | D:2      | Reached XP level 4. HP: 40/40 MP: 4/4
  3665 | D:3      | Found a broken altar of Ashenzari.
  3931 | D:4      | Noticed an ogre
  4439 | D:4      | Reached XP level 5. HP: 43/47 MP: 5/5
  4625 | D:4      | Found a bloodstained altar of Trog.
  4738 | D:4      | Found a sparkling altar of Nemelex Xobeh.
  4760 | D:5      | Entered Level 5 of the Dungeon
  5005 | D:5      | Noticed an ogre
  5013 | D:5      | Killed an ogre
  5014 | D:5      | Reached skill level 5 in Fighting
  5014 | D:5      | Reached XP level 6. HP: 56/56 MP: 6/6
  5365 | D:5      | Reached XP level 7. HP: 61/61 MP: 7/7
  5598 | D:5      | Identified the +1 scale mail "Simef" {Regen+ Stlth+}
  5634 | D:5      | Reached skill level 5 in Shields
  6357 | D:6      | Found a stormy altar of Qazlal.
  6369 | D:6      | Found a staircase to the Ecumenical Temple.
  6382 | D:6      | Reached XP level 8. HP: 71/71 MP: 8/8
  6385 | D:6      | Noticed Dowan
  6386 | D:6      | Noticed Duvessa
  6413 | D:6      | HP: 2/71 [poisoned by Duvessa]
  6414 | D:5      | Succumbed to Duvessa's poison

Illustrated notes

Levels and vault maps discovered:
D:1:      onia_arrival_mini_maze_b, layout_loops_corners
D:2:      layout_basic, ebering_ecumenical_altar_hall
D:3:      layout_basic, lemuel_doored_altar
D:4:      layout_cave_pools, kennysheep_mini_moat,
          lemuel_coloured_pillars_altar, minmay_manual_maat
D:5:      layout_loops_cross, minmay_pentangle
D:6:      layout_loops_ring, nicolae_wu_jian_immortal_techniques,
          elyvilon_altar_3, mainiacjoe_overflow_concentric_impassable,
          zin_purify, minmay_temple_entry_glass, ebering_ghost_inner_flame,
          gup_sewer_entry_bowl, minmay_starry_boxes, uniq_eustachio,
          uniq_sigmund, uniq_grinder, uniq_duvessa

Skill      XL: |  1  2  3  4  5  6  7 |
---------------+----------------------+-----
Armour         | 1 2 3 4 |  4.5
Fighting       | 4 5 6 |  6.4
Shields        | 1 2 4 6 |  6.3
Dodging        | 3 |  3.0
Axes           | |  4.0
Stealth        | |  1.5

Action                   |  1- 3 |  4- 6 |  7- 9 || total
-------------------------+-------+-------+-------++-------
Melee: Hand axe          |   122 |     9 |       ||   131
       Flail             |       |   107 |    82 ||   189
 Stab: Sleeping          |     2 |       |       ||     2
Armor: Robe              |    12 |       |       ||    12
       Ring mail         |    19 |     3 |       ||    22
       Chain mail        |       |    58 |     2 ||    60
       Scale mail        |       |       |    14 ||    14
Dodge: Dodged            |    61 |    71 |    37 ||   169
Block: Kite shield       |    66 |   121 |    55 ||   242
